 Dungeon Sprint DCSS version 0.17.2-2-g6415ff710d (webtiles) character file.

1416 alasdair19 the Protected (level 8, -1/83 HPs)
             Began as a Minotaur Fighter on Jan 28, 2022.
             Killed by drain life
             ... invoked by a soul eater
              (10 damage)
             ... in the Dungeon (Sprint V: "Ziggurat Sprint").
             The game lasted 00:06:43 (631 turns).

alasdair19 the Protected (Minotaur Fighter)          Turns: 631, Time: 00:06:43

Health: -1/83      AC: 28    Str: 23    XL:     8   Next: 43%
Magic:  7/7        EV:  2    Int:  5    God:
Gold:   0          SH: 21    Dex: 10    Spells: 0 memorised, 7 levels left

rFire  + + .     SeeInvis .     L - +8 lance "Wyrmbane" {slay drac, +Rage rPois rF+ AC+5}
rCold  + . .     Clarity  .     N - +5 gold dragon armour
rNeg   . . .     SustAt   .     M - +3 large shield
rPois  +         Gourm    .     (helmet restricted)
rElec  .         Spirit   .     (no cloak)
rCorr  .         Warding  .     (no gloves)
rMut   .         NoTele   +     (no boots)
MR     .....                    (no amulet)
Stlth  ..........               (no ring)
                                (no ring)

@: drained, not resistant to hostile enchantments, extremely unstealthy
A: retaliatory headbutt, horns 2
a: Evoke Berserk Rage


You were in the Dungeon.
You were not hungry.

You visited 1 branch

Inventory:

Hand Weapons
 a - a +0 trident
 J - a +5 bardiche
 K - a +5 demon trident
 L - the +8 lance "Wyrmbane" (weapon) {slay drac, +Rage rPois rF+ AC+5}
   (You found it in the Dungeon)

   It affects your AC (+5).
   It protects you from fire.
   It protects you from poison.
   It lets you go berserk.
 Q - the +6 glaive of Sloth {elec, *Drain rElec Str+3}
   (You found it in the Dungeon)

   Occasionally, upon striking a foe, it will discharge some electrical energy
   and cause terrible harm.
   It affects your strength (+3).
   It insulates you from electricity.
   It causes draining when unequipped.
Armour
 b - a +0 scale mail
 c - a +0 shield
 M - a +3 large shield (worn)
 N - a +5 gold dragon armour (worn)
Jewellery
 y - a +6 ring of dexterity
 A - a +6 ring of dexterity
 B - a +6 ring of intelligence
 C - a +6 ring of intelligence
 D - a +6 ring of strength
 E - a +6 ring of strength
Wands
 F - a wand of disintegration (7)
 G - a wand of fire (5)
 H - a wand of cold (5)
 I - a wand of draining (5)
Scrolls
 k - 4 scrolls of blinking
 q - 4 scrolls of amnesia
 r - 3 scrolls of recharging
 s - 7 scrolls of fog
 t - a scroll of holy word
 u - 5 scrolls of identify
 v - 5 scrolls of remove curse
 w - 2 scrolls of fear
 O - 4 scrolls of enchant armour
Potions
 d - 6 potions of might
 f - 10 potions of curing
 g - 10 potions of heal wounds
 h - 7 potions of haste
 i - 7 potions of magic
 j - 3 potions of berserk rage
 l - 2 potions of brilliance
 m - 2 potions of invisibility
 n - 4 potions of resistance
 o - a potion of experience
 p - 5 potions of agility
Books
 P - a book of Spatial Translocations

   Spells                             Type                      Level
   a - Apportation                    Translocation                1
   b - Blink                          Translocation                2
   c - Shroud of Golubria             Charms/Translocation         2
   d - Portal Projectile              Translocation                3
   e - Teleport Other                 Translocation                3
   f - Passage of Golubria            Translocation                4
Comestibles
 e - 5 bread rations
 x - 42 fruits
 z - 4 meat rations


   Skills:
 + Level 12.1(10.9) Fighting
 + Level 8.1(7.1) Polearms
 + Level 12.7(11.5) Armour
 + Level 12.5(11.3) Shields


You had 7 spell levels left.
You didn't know any spells.

Dungeon Overview and Level Annotations

Branches:
Dungeon (1/1)

Altars:
Ashenzari
Cheibriados
Dithmenos
Elyvilon
Fedhas
Gozag
Kikubaaqudgha
Makhleb
Nemelex Xobeh
Okawaru
Qazlal
Ru
Sif Muna
Trog
Vehumet
Xom
Yredelemnul
Zin
The Shining One
Beogh
Jiyva
Lugonu


Innate Abilities, Weirdness & Mutations

You reflexively headbutt those who attack you in melee.
You have a pair of horns on your head.


Message History

The shadow imp grins evilly.
The shadow imp gestures at you.
You struggle to resist.
You hit the soul eater but do no damage.
The soul eater is lightly wounded.
You puncture the soul eater! You headbutt the soul eater.
The soul eater is heavily wounded.
The iron imp hits you with a +2 rod of clouds (13/13).
* * * LOW HITPOINT WARNING * * *
You block the shadow imp's attack. The soul eater hits you!
* * * LOW HITPOINT WARNING * * *
You feel drained.
* * * LOW HITPOINT WARNING * * *
You block the shadow imp's attack.
The crimson imp hits you but does no damage.
The shadow imp gestures at you. Pain shoots through your body!
* * * LOW HITPOINT WARNING * * *
The soul eater draws from the surrounding life force!
You die...

▓........▓........▓
▓▓▓▓▓▓▓▓▓▓▓▓▓▓▓▓▓▓▓
▓..8©8..▓ ▓....[..▓
▓..\")..▓ ▓.......▓
▓...35..▓ ▓..5.5..▓
▓...@...▓ ▓.▓.5.▓.▓
▓.......▓ ▓▓▓▓▓▓▓▓▓


You could see a soul eater, an iron imp, a crimson imp and 2 shadow imps.

Vanquished Creatures
  2 draconians (D)
  2 deep elf magi (D)
  A deep elf fighter (D)
  A hell hound (D)
  A crimson imp (D)
  An iron imp (D)
  A quasit (D)
  2 iguanas (D)
  A sheep (D)
  A river rat (D)
  A shadow imp (D)
  2 adder zombies (D)
  A bat zombie (D)
17 creatures vanquished.

Notes
Turn   | Place    | Note
--------------------------------------------------------------
     0 | D        | alasdair19 the Minotaur Fighter began the quest for the Orb.
     0 | D        | Reached XP level 1. HP: 19/19 MP: 0/0
     0 | D        | Found a roughly hewn altar of Beogh.
     0 | D        | Found a viscous altar of Jiyva.
     0 | D        | Found a corrupted altar of Lugonu.
     0 | D        | Found a white marble altar of Elyvilon.
     0 | D        | Found a sparkling altar of Nemelex Xobeh.
     1 | D        | Found a burning altar of Makhleb.
     1 | D        | Found an iron altar of Okawaru.
     1 | D        | Found a deep blue altar of Sif Muna.
     1 | D        | Found a radiant altar of Vehumet.
     1 | D        | Found a bloodstained altar of Trog.
     1 | D        | Found a shimmering altar of Xom.
   122 | D        | Entered arena 1.
   122 | D        | Noticed a draconian
   122 | D        | Noticed a draconian
   131 | D        | Killed a draconian
   131 | D        | Reached skill level 9 in Fighting
   131 | D        | Reached skill level 5 in Polearms
   131 | D        | Reached XP level 2. HP: 5/37 MP: 1/1
   131 | D        | Reached XP level 3. HP: 5/44 MP: 2/2
   131 | D        | Reached XP level 4. HP: 5/50 MP: 3/3
   131 | D        | Reached XP level 5. HP: 5/57 MP: 4/4
   131 | D        | Reached XP level 6. HP: 5/64 MP: 5/5
   146 | D        | Killed a draconian
   146 | D        | Reached skill level 10 in Fighting
   146 | D        | Reached skill level 11 in Armour
   146 | D        | Reached skill level 10 in Shields
   146 | D        | Reached XP level 7. HP: 8/73 MP: 6/6
   447 | D        | Entered arena 2.
   447 | D        | Noticed a deep elf mage
   447 | D        | Noticed a deep elf fighter
   447 | D        | Noticed a deep elf mage
   456 | D        | Killed a deep elf fighter
   459 | D        | Killed a deep elf mage
   459 | D        | Reached skill level 12 in Armour
   465 | D        | Killed a deep elf mage
   465 | D        | Reached XP level 8. HP: 66/83 MP: 7/7
   539 | D        | Entered arena 3.
   539 | D        | Noticed a hell hound
   546 | D        | Killed a hell hound
   570 | D        | Entered arena 4.
   570 | D        | Noticed an iguana
   570 | D        | Noticed an iguana
   577 | D        | Killed an iguana
   581 | D        | Killed an iguana
   589 | D        | Got the +6 glaive of Sloth {elec, *Drain rElec Str+3}
   592 | D        | Entered arena 5.
   592 | D        | Noticed a crimson imp
   592 | D        | Noticed a crimson imp
   592 | D        | Noticed an iron imp
   598 | D        | Killed an iron imp
   604 | D        | Killed a crimson imp
   614 | D        | Entered arena 6.
   614 | D        | Noticed an iron imp
   614 | D        | Noticed a crimson imp
   614 | D        | Noticed a soul eater
   614 | D        | Noticed a quasit
   619 | D        | Killed a quasit
   631 | D        | Killed from afar by a soul eater

Action                   |  1- 3 |  4- 6 |  7- 9 || total
-------------------------+-------+-------+-------++-------
Melee: Lance             |     8 |    12 |    60 ||    80
